 Dungeon Crawl Stone Soup version 0.27-a0-1565-gad902ab807 (webtiles) character file.

Game seed: 16443306690766304734

2328 pokeman the Thaumaturge (level 9, 0/48 HPs)
             Began as a Deep Elf Hedge Wizard on July 16, 2021.
             Was a Follower of Vehumet.
             Killed from afar by an orc wizard (5 damage)
             ... with a magic dart
             ... on level 7 of the Dungeon.
             The game lasted 00:22:51 (8211 turns).

pokeman the Thaumaturge (Deep Elf Hedge Wizard)     Turns: 8211, Time: 00:22:53

Health: 0/48       AC:  6    Str:  7    XL:     9   Next: 19%
Magic:  23/25      EV: 12    Int: 23    God:    Vehumet [*.....]
Gold:   184        SH:  0    Dex: 14    Spells: 17/29 levels left

rFire    . . .     SeeInvis .   e - +0 short sword (drain)
rCold    + . .     Faith    .   (no shield)
rNeg     . . .     Spirit   .   C - +1 leather armour {rPois}
rPois    +         Reflect  .   c - +0 hat
rElec    .         Harm     .   a - +0 cloak
rCorr    .         Rampage  .   (no gloves)
Will     .....                  p - +0 pair of boots
Stlth    ++........             (no amulet)
HPRegen  0.16/turn              q - ring of poison resistance
MPRegen  0.19/turn              w - ring of protection from cold

@: lethally poisoned (0 -> -6)
A: deterioration 1
a: Renounce Religion


You were on level 7 of the Dungeon.
You worshipped Vehumet.
Vehumet was aware of your devotion.
You visited 2 branches of the dungeon, and saw 8 of its levels.

You collected 234 gold pieces.
You spent 50 gold pieces at shops.

Inventory:

Hand Weapons
 e - a +0 short sword of draining (weapon)
 F - a +0 shortbow
Missiles
 j - a throwing net
 n - 64 arrows
 u - 53 bolts
Armour
 a - a +0 cloak (worn)
 c - a +0 hat (worn)
 p - a +0 pair of boots (worn)
 C - a +1 leather armour of poison resistance (worn)
Jewellery
 q - a ring of poison resistance (left hand)
 w - a ring of protection from cold (right hand)
Wands
 r - a wand of polymorph (8)
 t - a wand of mindburst (13)
 z - a wand of paralysis (5)
Scrolls
 d - 2 scrolls of acquirement {unknown}
 h - a scroll of amnesia {unknown}
 i - 5 scrolls of identify
 m - 2 scrolls of immolation {unknown}
 o - 3 scrolls of teleportation
 v - a scroll of enchant weapon {unknown}
 y - 3 scrolls of summoning {unknown}
 A - a scroll of magic mapping {unknown}
 B - a scroll of noise {unknown}
 D - a scroll of silence {unknown}
 E - a scroll of holy word {unknown}
Potions
 b - 2 potions of mutation
 f - a potion of brilliance {unknown}
 g - 2 potions of degeneration {unknown}
 k - 2 potions of heal wounds {unknown}
 l - 2 potions of flight {unknown}
 s - a potion of curing {unknown}
 x - a potion of ambrosia {unknown}


   Skills:
 - Level 2.0 Fighting
 + Level 2.5 Armour
 - Level 3.0 Dodging
 - Level 3.1 Stealth
 * Level 10.6 Spellcasting
 + Level 7.0 Conjurations
 - Level 1.1 Summonings
 - Level 1.1 Translocations
 + Level 4.3 Fire Magic
 - Level 1.0 Air Magic
 - Level 2.0 Poison Magic
 - Level 2.2 Evocations


You had 17 spell levels left.
You knew the following spells:

 Your Spells              Type           Power      Damage    Failure   Level
a - Magic Dart            Conj           100%       1d8       1%          1
b - Mephitic Cloud        Conj/Pois/Air  27%        N/A       6%          3
c - Call Imp              Summ           17%        N/A       8%          2
d - Blink                 Tloc           N/A        N/A       8%          2
e - Conjure Flame         Conj/Fire      38%        6-21      2%          3
f - Foxfire               Conj/Fire      100%       2x1d9     1%          1

Your spell library contained the following spells:

 Spells                   Type           Power      Damage    Failure   Level
 Searing Ray              Conj           88%        3d6       1%          2
 Inner Flame              Hex/Fire       22%        N/A       10%         3
 Slow                     Hex            12%        N/A       12%         2
 Fulminant Prism          Conj/Hex       14%        3d9       19%         4
 Confusing Touch          Hex            12%        N/A       24%         3
 Vampiric Draining        Necr           6%         2d6       24%         3
 Cause Fear               Hex            6%         N/A       61%         4
 Discord                  Hex            6%         N/A       100%        8


Dungeon Overview and Level Annotations

Branches:
Dungeon (7/15)             Temple (1/1) D:4

Altars:
Ashenzari
Cheibriados
Dithmenos
Elyvilon
Gozag
Hepliaklqana
Kikubaaqudgha
Makhleb
Nemelex Xobeh
Qazlal
Ru
Sif Muna
Trog
Vehumet
Wu Jian
Xom
Yredelemnul
Zin
The Shining One

Shops:
D:3 ?   D:6 *


Innate Abilities, Weirdness & Mutations

Your body sometimes deteriorates upon taking damage.


Message History

The foxfire hits the gnoll.
The gnoll is almost dead.
The foxfire hits the gnoll.
You kill the gnoll!
Vehumet accepts your kill. The gnoll barely misses you.
The orc wizard mumbles some strange words.
The orc wizard flickers and vanishes!
Deactivating autopickup; reactivate with Ctrl-A.
Casting: Foxfire (safe; 1% risk of failure)
Confirm with . or Enter, or press ? or * to list all spells.
You conjure some foxfire!
The orc hits you but does no damage.
You hit the orc. You drain the orc.
You kill the orc!
Vehumet accepts your kill.
The foxfire hits the gnoll!
The gnoll is severely wounded.
The foxfire hits the gnoll.
The gnoll is almost dead.
The gnoll hits you from afar with a +5 halberd of venom!
Casting: Foxfire (safe; 1% risk of failure)
Confirm with . or Enter, or press ? or * to list all spells.
You conjure some foxfire!
The gnoll hits you from afar with a +5 halberd of venom!
* * * LOW HITPOINT WARNING * * *
You are lethally poisoned!
Unknown command.
* * * LOW HITPOINT WARNING * * *
You feel very sick.
The foxfire hits the gnoll.
You kill the gnoll!
Vehumet accepts your kill.
The foxfire hits something.
It was a potion of mutation.
You feel extremely strange.
You feel yourself wasting away.
* * * LOW HITPOINT WARNING * * *
You feel sick.
A magic dart appears from out of thin air!
The magic dart hits you.
You die...

..... .. ..... ..
...#. ..... ##.#
#..####.... ...#
#†##....# ...#
#..#....# +..#
##{#§...# #...##
#.)§...# ##+###...##
##.§§..# #....##+..##
#.@§..# #..........##
##....#
#...........## #....#
#............###....#
##'##...............#
#..+...............#
#<.#....##+####....#
#..###### +....# #..#
#....#


There were no monsters in sight!

Vanquished Creatures
  Grinder (D:4)
  A wyvern (D:4)
  Eustachio (D:5)
  3 water moccasins
  An ice beast (D:5)
  2 ogres (D:6)
  A black bear (D:6)
  A centaur (D:6)
  The ghost of bigjeff5 the Conjurer, an amateur DgCj (D:5)
  2 phantoms
  2 bullfrogs
  2 scorpions
  5 killer bees (D:6)
  A bullfrog skeleton (D:6)
  A jelly (D:5)
  3 orc priests
  An iron imp (D:5)
  An iguana (D:6)
  2 orc wizards
  2 hound skeletons
  A howler monkey zombie (D:5)
  2 gnolls (D:7)
  6 adders
  A shadow imp (D:6)
  An ufetubus (D:4)
  4 worms
  3 dart slugs (D:2)
  16 orcs
  6 ball pythons
  2 endoplasms
  3 giant cockroaches
  3 goblins (D:2)
  4 hobgoblins
  3 kobolds
  3 quokkas
  5 bats (D:2)
  3 frilled lizards
  2 goblin zombies (D:5)
  5 hobgoblin zombies (D:5)
  A kobold skeleton (D:5)
  A kobold zombie (D:5)
  An orc skeleton (D:5)
  An orc zombie (D:5)
  A quokka skeleton (D:2)
  6 rats
118 creatures vanquished.

Vanquished Creatures (collateral kills)
  A killer bee (D:6)
1 creature vanquished.

Vanquished Creatures (others)
  26 foxfires
26 creatures vanquished.

Grand Total: 145 creatures vanquished

Notes
Turn   | Place    | Note
-------+----------+-------------------------------------------
     0 | D:1      | pokeman the Deep Elf Hedge Wizard began the quest for the
                  | Orb.
     0 | D:1      | Reached XP level 1. HP: 10/10 MP: 7/7
   499 | D:1      | Reached XP level 2. HP: 14/16 MP: 1/9
   881 | D:2      | Reached skill level 5 in Spellcasting
  1043 | D:2      | Reached XP level 3. HP: 19/20 MP: 9/11
  1047 | D:2      | Learned a level 3 spell: Mephitic Cloud
  1050 | D:2      | Learned a level 2 spell: Call Imp
  1053 | D:2      | Learned a level 2 spell: Blink
  1057 | D:2      | Learned a level 3 spell: Conjure Flame
  1112 | D:2      | Found a faded altar of an unknown god.
  1616 | D:2      | Reached skill level 1 in Armour
  1664 | D:2      | Reached skill level 1 in Fighting
  1801 | D:2      | Reached XP level 4. HP: 22/25 MP: 0/13
  2562 | D:3      | Found Titrent's Magic Scroll Boutique.
  2571 | D:3      | Bought a scroll of teleportation for 30 gold pieces
  2571 | D:3      | Bought a scroll of identify for 20 gold pieces
  3830 | D:4      | Reached skill level 6 in Spellcasting
  3830 | D:4      | Reached skill level 1 in Fire Magic
  3847 | D:4      | Reached XP level 5. HP: 16/29 MP: 9/15
  3995 | D:4      | Found a staircase to the Ecumenical Temple.
  4047 | D:4      | Noticed a phantom
  4058 | D:4      | Killed a phantom
  4215 | D:4      | Noticed a wyvern
  4222 | D:4      | Reached skill level 1 in Air Magic
  4344 | D:4      | Killed a wyvern
  4345 | D:4      | Reached skill level 7 in Spellcasting
  4345 | D:4      | Reached skill level 1 in Poison Magic
  4345 | D:4      | Reached skill level 1 in Evocations
  4345 | D:4      | Reached XP level 6. HP: 8/34 MP: 15/18
  4694 | Temple   | Entered the Ecumenical Temple
  4846 | Temple   | Became a worshipper of Vehumet
  5229 | D:5      | Entered Level 5 of the Dungeon
  5234 | D:5      | Noticed Grinder
  5379 | D:5      | Paralysed by Grinder for 2 turns
  5547 | D:4      | Paralysed by Grinder for 6 turns
  5704 | D:4      | Paralysed by Grinder for 2 turns
  5707 | D:4      | Paralysed by Grinder for 2 turns
  5714 | D:4      | Killed Grinder
  5715 | D:4      | Reached skill level 5 in Conjurations
  5715 | D:4      | Reached XP level 7. HP: 35/38 MP: 5/20
  5924 | D:5      | Found a glowing golden altar of the Shining One.
  5927 | D:5      | Noticed Eustachio
  6306 | D:5      | Killed Eustachio
  6307 | D:5      | Reached skill level 8 in Spellcasting
  6356 | D:5      | Found a runed translucent door.
  6357 | D:5      | Noticed bigjeff5's ghost (amateur DgCj)
  6601 | D:5      | Found a runed translucent door.
  6698 | D:5      | Reached XP level 8. HP: 28/43 MP: 9/22
  7049 | D:5      | Killed bigjeff5's ghost
  7175 | D:6      | Reached skill level 9 in Spellcasting
  7541 | D:6      | Reached skill level 10 in Spellcasting
  7657 | D:6      | Found Gozag's Platinum Reserve.
  7675 | D:6      | Reached * piety under Vehumet
  7675 | D:6      | Offered knowledge of Foxfire by Vehumet.
  7679 | D:6      | Reached XP level 9. HP: 47/48 MP: 14/25
  7686 | D:6      | Learned a level 1 spell: Foxfire
  7753 | D:6      | Found an opulent altar of Gozag.
  8081 | D:6      | Found a shimmering blue altar of Sif Muna.
  8211 | D:7      | Gained mutation: Your body sometimes deteriorates upon
                  | taking damage. [potion of mutation]
  8211 | D:7      | Killed from afar by an orc wizard

Illustrated notes

Levels and vault maps discovered:
D:1:      giann_horns, layout_loops_ring
D:2:      layout_basic, basic_ecumenical_altar, minmay_tetromino_l4
D:3:      layout_loops_ring, serial_shops, nicolae_shop_waterfront,
          serial_rivers, chequers_serial_rivers_large_a,
          chequers_serial_rivers_micro_c, chequers_serial_rivers_marsh,
          chequers_serial_rivers_large_b, chequers_serial_rivers_room_a,
          chequers_serial_rivers_micro_e
D:4:      layout_loops_ring, minmay_temple_entry_arrows,
          corexii_item_surrounded_by_moat
D:5:      layout_loops_ring, nicolae_tso_besieged_by_evil,
          ebering_ghost_sewer_f, grunt_ministairs_6, uniq_eustachio,
          uniq_grinder
D:6:      layout_rooms, general_overflow_altar, nicolae_gozag_zags_fifth_avenue
D:7:      layout_gridville, mainiacjoe_overflow_concentric_impassable,
          minmay_manual_mandibuliform, uniq_pikel
Temple:   nicolae_temple_elliptical

Skill      XL: |  1  2  3  4  5  6  7  8  9 |
---------------+----------------------------+-----
Spellcasting   | 5 6 7 8 10 | 10.6
Armour         | 1 2 |  2.5
Fighting       | 1 2 |  2.0
Conjurations   | 2 3 5 6 7 |  7.0
Dodging        | 3 |  3.0
Fire Magic     | 1 2 4 |  4.3
Air Magic      | 1 |  1.0
Stealth        | 3 |  3.1
Poison Magic   | 1 2 |  2.0
Evocations     | 1 2 |  2.2
Summonings     | |  1.1
Translocations | |  1.1

Action                   |  1- 3 |  4- 6 |  7- 9 || total
-------------------------+-------+-------+-------++-------
Melee: Short sword       |    15 |    59 |    52 ||   126
 Cast: Magic Dart        |    97 |   106 |   109 ||   312
       Blink             |       |    25 |       ||    25
       Mephitic Cloud    |       |     5 |     9 ||    14
       Conjure Flame     |       |     4 |    12 ||    16
       Call Imp          |       |     2 |     4 ||     6
       Foxfire           |       |       |    14 ||    14
Evoke: Wand              |       |     1 |     2 ||     3
  Use: Potion            |       |       |     1 ||     1
 Stab: Sleeping          |       |     1 |       ||     1
       Confused          |       |     1 |     1 ||     2
       Paralysed         |       |       |     6 ||     6
Armor: Robe              |     3 |       |       ||     3
       Leather armour    |     3 |    18 |     8 ||    29
Dodge: Dodged            |    11 |    40 |    42 ||    93

Table legend: (Time is in decaauts)
 A = Elapsed time spent in this place.
 B = Non-inter-level travel time spent in this place.
 C = Inter-level travel time spent in this place.
 D = Time resting spent in this place.
 E = Time spent auto-exploring this place.
 F = Levels seen in this place.
 G = Mean time per level.
                   A        B        C        D        E       F      G
               +--------+--------+--------+--------+--------+-----+--------+
         Total |   8278 |   7998 |    280 |    918 |   5943 |   8 | 1034.8 |
       Dungeon |   8094 |   7859 |    235 |    918 |   5809 |   7 | 1156.3 |
        Temple |    184 |    139 |     45 |      0 |    134 |   1 |  184.0 |
               +--------+--------+--------+--------+--------+-----+--------+

Top non-repeatable levels by time:
     D:4: 2299 daAuts
     D:2: 1536 daAuts
     D:5: 1434 daAuts
     D:3: 1010 daAuts
     D:6: 996 daAuts
     D:1: 752 daAuts
  Temple: 184 daAuts
     D:7: 66 daAuts
